AoeStats
← Ahazeuyfe

Arabia

508060068Analyzed
4v4 RM · 12d ago on Sep 20, 2026· 76m 53s· 8 players
Game mode
Random Map
Map size
Large (8 player)
Population
200
Speed
Normal
Resources
Standard
Victory
Conquest
Starting age
Dark Age
Ending age
Imperial Age
RankedLock teamsTeams togetherTeam positionsShared explorationLock speedFull tech treeHidden civsTurbo modeCheats
Victory
Defeat
🇦🇷 Mongols · Argentina
931
+11
🇨🇱 Byzantines · Chile
879
+13
🇬🇷 Celts · Greece
846
+15
🇲🇽 Italians · Mexico
832
+15
🇫🇷 Ethiopians · France
1037
-21
🇫🇷 Mongols · France
840
-14
🇫🇷 Romans · France
720
-10
🇫🇷 Tatars · France
696
-9
SaMgAmEpLaY
12:01 Feudal Age
12:36 Double-Bit Axe
12:32 Horse Collar
15:09 Wheelbarrow
15:04 Loom
18:21 Castle Age
17:49 Town Watch
19:13 Padded Archer Armor
19:03 Fletching
19:09 Stone Mining
22:38 Bow Saw
23:55 Bodkin Arrow
26:50 Thumb Ring
26:09 Elite Skirmisher
27:49 Gold Mining
28:33 Thumb Ring
29:32 Caravan
30:03 Coinage
35:44 Imperial Age
38:09 Chemistry
39:51 Bracer
42:26 Hand Cart
42:12 Town Patrol
43:50 Banking
48:03 Conscription
47:12 Elite Genoese Crossbowman
48:07 Pirotechnia
48:18 Silk Road
48:55 Ballistics
48:31 Murder Holes
48:17 Treadmill Crane
52:44 Leather Archer Armor
53:29 Elite Genoese Crossbowman
54:57 Ring Archer Armor
55:41 Two-Man Saw
55:25 Bombard Tower
55:17 Masonry
55:23 Heavy Plow
57:27 Guilds
avvocatore
0:29 Loom
11:58 Feudal Age
12:29 Town Watch
13:20 Wheelbarrow
12:32 Double-Bit Axe
12:43 Gold Mining
18:49 Scale Barding Armor
18:45 Scale Mail Armor
20:39 Forging
20:19 Horse Collar
24:12 Fletching
24:28 Padded Archer Armor
27:21 Castle Age
28:10 Husbandry
32:22 Elite Skirmisher
33:26 Hand Cart
33:29 Bow Saw
33:57 Gold Shaft Mining
33:58 Town Patrol
37:37 Iron Casting
37:18 Chain Mail Armor
37:01 Bodkin Arrow
39:50 Chain Barding Armor
41:59 Ballistics
42:11 Stone Mining
42:24 Heavy Plow
46:59 Leather Archer Armor
46:28 Pikeman
46:56 Arson
51:26 Imperial Age
49:34 Stone Shaft Mining
59:03 Conscription
61:35 Cavalier
66:31 Plate Mail Armor
67:01 Blast Furnace
75:54 Halberdier
SSC LyonM
7:14 Loom
10:38 Feudal Age
19:39 Castle Age
23:20 Scale Barding Armor
23:26 Forging
23:45 Double-Bit Axe
24:33 Chain Barding Armor
31:12 Husbandry
32:55 Bow Saw
33:13 Arson
35:41 Wheelbarrow
37:31 Iron Casting
37:31 Murder Holes
40:41 Imperial Age
39:32 Fletching
41:01 Ballistics
40:22 Treadmill Crane
40:48 Elite Cataphract
41:15 Cavalier
44:43 Chemistry
44:44 Plate Barding Armor
46:10 Paladin
47:24 Hand Cart
48:40 Capped Ram
52:32 Coinage
52:20 Guilds
52:11 Caravan
53:38 Two-Man Saw
53:41 Logistica
53:55 Conscription
56:00 Stone Mining
56:01 Gold Mining
56:50 Heavy Camel Rider
58:36 Onager
60:01 Banking
64:18 Hoardings
65:24 Bodkin Arrow
65:30 Scale Mail Armor
68:10 Siege Ram
75:23 Bracer
75:51 Fortified Wall
ZZ4KI
8:21 Loom
10:32 Feudal Age
14:23 Forging
20:08 Padded Archer Armor
25:21 Horse Collar
27:21 Double-Bit Axe
28:11 Fletching
33:20 Stone Mining
36:23 Castle Age
34:21 Stone Mining
37:09 Wheelbarrow
37:56 Elite Skirmisher
39:07 Bow Saw
40:52 Heavy Plow
44:30 Gold Mining
46:24 Bloodlines
46:17 Husbandry
46:26 Scale Barding Armor
46:19 Bodkin Arrow
50:56 Imperial Age
49:04 Ballistics
49:43 Scale Barding Armor
50:57 Hand Cart
50:27 Town Watch
51:43 Town Patrol
53:58 Chemistry
54:02 Chain Barding Armor
53:41 Light Cavalry
54:28 Pikeman
55:08 Squires
55:16 Bracer
56:46 Elite Mangudai
57:48 Conscription
56:52 Hussar
57:45 Heavy Scorpion
58:53 Caravan
60:41 Gold Shaft Mining
60:41 Stone Shaft Mining
61:27 Iron Casting
62:00 Leather Archer Armor
65:37 Drill
66:59 Blast Furnace
65:59 Scale Mail Armor
66:45 Fortified Wall
67:18 Elite Steppe Lancer
67:28 Heavy Camel Rider
68:11 Scale Mail Armor
69:41 Capped Ram
75:56 Chain Mail Armor
Triton
10:00 Feudal Age
13:57 Loom
17:06 Horse Collar
21:38 Castle Age
19:41 Double-Bit Axe
20:23 Gold Mining
21:01 Fletching
22:36 Crossbowman
26:13 Bodkin Arrow
29:36 Stone Mining
30:22 Gold Shaft Mining
30:00 Bow Saw
29:53 Heavy Plow
32:25 Stone Shaft Mining
34:51 Wheelbarrow
33:40 Light Cavalry
35:12 Husbandry
37:23 Padded Archer Armor
37:35 Forging
38:24 Leather Archer Armor
38:41 Hand Cart
39:08 Ballistics
39:39 Iron Casting
42:20 Imperial Age
40:27 Scale Barding Armor
42:35 Chain Barding Armor
43:43 Hussar
45:59 Bracer
49:26 Bloodlines
50:18 Blast Furnace
57:01 Chemistry
56:59 Caravan
58:33 Cavalier
67:48 Elite Skirmisher
75:58 Pikeman
Ahazeuyfe
10:56 Feudal Age
9:12 Loom
12:25 Double-Bit Axe
12:34 Horse Collar
19:48 Castle Age
17:39 Town Watch
20:54 Caravan
22:17 Bow Saw
29:39 Pikeman
30:19 Squires
30:04 Arson
37:48 Imperial Age
37:02 Scale Mail Armor
37:59 Stone Mining
41:49 Elite Skirmisher
41:53 Halberdier
44:34 Heavy Cavalry Archer
44:41 Elite Steppe Lancer
47:10 Forging
47:05 Scale Barding Armor
46:32 Heavy Scorpion
47:23 Heavy Plow
54:13 Gold Mining
56:15 Chain Barding Armor
56:31 Iron Casting
57:34 Silk Armor
61:46 Plate Barding Armor
62:11 Blast Furnace
63:14 Elite Keshik
64:09 Timurid Siegecraft
65:30 Padded Archer Armor
65:20 Fletching
Snake34
4:12 Loom
10:22 Feudal Age
11:03 Double-Bit Axe
12:29 Fletching
12:39 Padded Archer Armor
24:45 Castle Age
22:55 Horse Collar
25:21 Crossbowman
26:07 Thumb Ring
26:04 Bodkin Arrow
26:25 Leather Archer Armor
34:41 Ballistics
39:11 Heavy Plow
39:24 Bow Saw
43:37 Gold Mining
44:24 Wheelbarrow
48:47 Imperial Age
49:03 Hand Cart
49:02 Arbalester
52:12 Chemistry
52:06 Bracer
52:37 Elite Skirmisher
67:00 Halberdier
67:41 Squires
68:55 Ring Archer Armor
68:25 Scale Mail Armor
68:35 Forging
74:32 Iron Casting
Lorbyron
12:03 Feudal Age
17:37 Gold Mining
21:02 Castle Age
20:57 Stone Mining
20:32 Man-at-Arms
23:03 Long Swordsman
25:45 Gold Shaft Mining
26:13 Wheelbarrow
28:47 Double-Bit Axe
28:37 Pikeman
32:26 Scale Mail Armor
32:36 Forging
33:58 Chain Mail Armor
36:21 Iron Casting
36:43 Murder Holes
37:09 Ballistics
42:01 Squires
42:40 Caravan
47:25 Imperial Age
45:14 Hand Cart
47:33 Legionary
49:16 Blast Furnace
48:23 Scale Barding Armor
54:02 Comitatenses
53:32 Halberdier
55:50 Heavy Scorpion
57:04 Onager
62:34 Ballistas
65:13 Chain Barding Armor
64:42 Elite Centurion
68:11 Chemistry
67:50 Plate Barding Armor
Connection lost

Rejoining the realm…

Still unreachable

The connection could not be restored.

Session expired

The server has moved on; the page needs a fresh start.